 Dungeon Crawl Stone Soup version 0.30-a0-457-g4b7bca3bfa (webtiles) character file.

Game seed: 10707288099710699826

1160 kurumiz the Poker (level 8, -3/83 HPs)
             Began as an Ogre Gladiator on Dec 14, 2022.
             Was a Follower of Dithmenos.
             Killed by an exploding killer bee (30 damage)
             ... ignited by their inner flame
             ... on level 8 of the Dungeon.
             The game lasted 00:25:37 (5605 turns).

kurumiz the Poker (Ogre Gladiator)                  Turns: 5605, Time: 00:25:38

Health: -3/83      AC:  8    Str: 19 (21) XL:     8   Next: 39%
Magic:  8/8        EV: 10    Int:  8 (9)  God:    Dithmenos [*.....]
Gold:   271        SH:  0    Dex:  8 (10) Spells: 7/7 levels left

rFire   . . .      SeeInvis +    a - +0 trident
rCold   . . .      Faith    .    (no shield)
rNeg    . . .      Spirit   .    b - +0 robe
rPois   .          Reflect  .    c - +0 hat
rElec   .          Harm     .    v - +0 cloak
rCorr   .          Rampage  .    (gloves unavailable)
Will    .....                    (boots unavailable)
Stlth   ++........               q - amulet of regeneration
HPRegen 1.13/turn                A - +4 ring of protection
MPRegen 0.11/turn                s - ring of see invisible

@: lethally poisoned (-3 -> -4), wreathed by umbra
A: large, unfitting armour, tough skin 1
a: Renounce Religion


You were on level 8 of the Dungeon.
You worshipped Dithmenos.
Dithmenos was aware of your devotion.
You visited 1 branch of the dungeon, and saw 8 of its levels.

You collected 271 gold pieces.

Inventory:

Hand Weapons
 a - a +0 trident (weapon)
 o - a +0 spear
 r - a +0 flail of venom
 t - a +0 short sword of draining
 w - a +0 flail
 C - a +0 shortbow
Missiles
 d - 3 throwing nets (quivered)
 e - a large rock
 u - 6 poisoned darts
Armour
 b - a +0 robe (worn)
 c - a +0 hat (worn)
 v - a +0 cloak (worn)
 D - a +0 plate armour
Jewellery
 q - an amulet of regeneration (around neck)
 s - a ring of see invisible (right hand)
 y - an amulet of guardian spirit
 A - a +4 ring of protection (left hand)
 B - an amulet of guardian spirit
 F - a ring of fire
Wands
 h - a wand of light (9)
Scrolls
 k - 3 scrolls of identify
 p - 4 scrolls of teleportation
 G - a scroll of magic mapping {unknown}
 I - 3 scrolls of enchant weapon {unknown}
Potions
 f - a potion of invisibility {unknown}
 g - a potion of might
 i - a potion of curing
 j - a potion of berserk rage {unknown}
 l - a potion of degeneration
 m - a potion of mutation {unknown}
 x - a potion of ambrosia
 z - a potion of haste {unknown}
 E - a potion of attraction {unknown}
 H - 2 potions of heal wounds {unknown}


   Skills:
 + Level 6.2 Fighting
 + Level 7.4 Polearms
 + Level 2.0 Throwing
 + Level 4.7 Dodging
 + Level 2.4 Stealth


You had 7 spell levels left.
You didn't know any spells.
Your spell library contained the following spells:

 Spells                   Type           Power      Damage    Failure   Level
 Beastly Appendage        Tmut           0%         N/A       41%         1
 Magic Dart               Conj           0%         1d3       41%         1
 Searing Ray              Conj           0%         2d4       54%         2
 Wereblood                Tmut           0%         N/A       54%         2
 Hailstorm                Conj/Ice       0%         3d3       78%         3
 Mephitic Cloud           Conj/Pois/Air  0%         N/A       78%         3
 Spider Form              Tmut/Pois      0%         N/A       78%         3
 Fulminant Prism          Conj/Hex       0%         3d5       99%         4
 Spellforged Servitor     Conj/Summ      0%         N/A       100%        7


Dungeon Overview and Level Annotations

Branches:
Dungeon (8/15)             Temple (0/1) D:4
   Lair: D:8-11

Altars:
Dithmenos
Fedhas
Okawaru


Innate Abilities, Weirdness & Mutations

You are too large for most types of armour.
You have tough skin. (AC +1)


Message History

The creatures around you are filled with an inner flame!
The killer bee stings you but does no damage.
The killer bee stings you.
You are poisoned.
The killer bee poisons you!
The killer bee stings you but does no damage. x2
The water moccasin closely misses you.
A wight comes into view. It is wielding a +3 great sword.
The killer bee stings you.
The killer bee stings you but does no damage.
The killer bee stings you.
The killer bee stings you but does no damage.
The water moccasin bites you but does no damage.
You puncture the water moccasin!
Flame seeps out of the water moccasin.
The water moccasin is moderately wounded.
You feel very sick. The killer bee closely misses you.
The killer bee stings you but does no damage.
The killer bee closely misses you.
The killer bee stings you but does no damage.
The killer bee barely misses you. The killer bee stings you.
The killer bee barely misses you. The killer bee closely misses you.
The water moccasin is engulfed in blazing flames.
Flame seeps out of the water moccasin.
The water moccasin bites you.
You puncture the water moccasin! Dithmenos accepts your kill.
The water moccasin explodes!
The fiery explosion engulfs you!!
The fiery explosion engulfs the killer bee!!
Dithmenos accepts your kill.
The fiery explosion engulfs the killer bee!!
Dithmenos accepts your kill.
The killer bee explodes!
The fiery explosion engulfs the killer bee.
Flame seeps out of the killer bee.
The killer bee is moderately wounded.
The fiery explosion engulfs the killer bee!!
Dithmenos accepts your kill. The fiery explosion engulfs you!!
You die...

##....... .#
......... ...
........## #...
.........##....
.............
......§§F..
.....§..y#
.....§○@y#
.....§§###
.zz..#. .... #.
... #. .. .. .
.. ..


You could see a bullfrog (inner flame), 2 killer bees and 2 wights.

Vanquished Creatures
  2 water moccasins
  A black bear (D:4)
  A sky beast (D:7)
  An ice beast (D:6)
  2 centaurs
  A phantom (D:5)
  A bullfrog (D:7)
  3 killer bees (D:8)
  A hound (D:5)
  3 orc priests
  4 iguanas
  An orc wizard (D:3)
  11 adders
  A white imp (D:7)
  An ufetubus (D:5)
  2 worms (D:3)
  6 dart slugs
  20 orcs
  5 endoplasms
  A giant cockroach (D:1)
  8 hobgoblins
  3 kobolds
  2 quokkas
  7 ball pythons
  5 bats
  13 frilled lizards
  3 goblins
  5 rats
114 creatures vanquished.

Vanquished Creatures (others)
  A fungus (D:2)
  A plant (D:2)
2 creatures vanquished.

Grand Total: 116 creatures vanquished

Notes
Turn   | Place    | Note
-------+----------+-------------------------------------------
     0 | D:1      | kurumiz the Ogre Gladiator began the quest for the Orb.
     0 | D:1      | Reached XP level 1. HP: 22/22 MP: 1/1
    66 | D:1      | Reached XP level 2. HP: 29/29 MP: 2/2
   846 | D:2      | Reached XP level 3. HP: 33/36 MP: 3/3
  1154 | D:2      | Found a faded altar of an unknown god.
  1178 | D:2      | Reached XP level 4. HP: 13/45 MP: 4/4
  1787 | D:3      | You fall into a shaft and drop 1 floor!
  1795 | D:4      | Found an iron altar of Okawaru.
  1846 | D:4      | Noticed a black bear
  1854 | D:4      | Killed a black bear
  1855 | D:4      | Reached skill level 4 in Polearms
  1855 | D:4      | Reached XP level 5. HP: 20/54 MP: 5/5
  2190 | D:4      | Reached skill level 1 in Stealth
  2247 | D:4      | Reached skill level 5 in Polearms
  2252 | D:4      | Found a staircase to the Ecumenical Temple.
  2262 | D:4      | Reached XP level 6. HP: 62/62 MP: 6/6
  3326 | D:3      | Found a blossoming altar of Fedhas.
  3326 | D:3      | Found a shadowy altar of Dithmenos.
  3338 | D:3      | Got the Quarto of Damage Dealing
  3604 | D:3      | Reached skill level 5 in Fighting
  3790 | D:3      | Became a worshipper of Dithmenos the Shadowed
  3900 | D:5      | Entered Level 5 of the Dungeon
  4033 | D:5      | Reached XP level 7. HP: 60/72 MP: 7/7
  4306 | D:5      | Reached skill level 6 in Polearms
  5379 | D:6      | Reached XP level 8. HP: 50/83 MP: 8/8
  5431 | D:7      | Reached skill level 7 in Polearms
  5469 | D:7      | Reached * piety under Dithmenos
  5605 | D:8      | Killed by an exploding killer bee... ignited by their inner
                  | flame

Illustrated notes

Levels and vault maps discovered:
D:1:      lemuel_arrival_behind_the_door_small, layout_loops_ring,
          minmay_circled_x
D:2:      layout_basic, dreamdust_ecumenical_altar_grove, minmay_lizard_pond
D:3:      layout_rooms, chequers_temple_overflow_statue_of_worship, st_stairs_12
D:4:      layout_basic, nicolae_overflow_crystal_walls,
          minmay_temple_entry_ruins
D:5:      layout_loops_cross, corner_web_ring
D:6:      layout_loops_corners, makhleb_grotto_becter
D:7:      layout_cave_pools
D:8:      minmay_cornered_nines, layout_cave_pools, kennysheep_mini,
          serial_gnoll_camp, gnoll_camp_huts_basic, gnoll_camp_medium_01,
          gnoll_camp_mini_doghouse, gnoll_camp_mini_hut, gnoll_camp_mini_hut,
          uniq_amaemon

Skill      XL: |  1  2  3  4  5  6  7  8 |
---------------+-------------------------+-----
Dodging        | 3 4 |  4.7
Fighting       | 3 4 5 6 |  6.2
Polearms       | 4 5 6 7 |  7.4
Stealth        | 1 2 |  2.4
Throwing       | |  2.0

Action                   |  1- 3 |  4- 6 |  7- 9 || total
-------------------------+-------+-------+-------++-------
Melee: Trident           |   129 |   200 |   143 ||   472
       Punch             |       |     4 |     3 ||     7
Throw: Throwing net      |       |     1 |       ||     1
  Use: Scroll            |       |     3 |     2 ||     5
       Potion            |       |       |     4 ||     4
 Stab: Sleeping          |     2 |     9 |     1 ||    12
Armor: Robe              |    21 |    67 |    69 ||   157
Dodge: Dodged            |    50 |    96 |    98 ||   244

Table legend: (Time is in decaauts)
 A = Elapsed time spent in this place.
 B = Non-inter-level travel time spent in this place.
 C = Inter-level travel time spent in this place.
 D = Time resting spent in this place.
 E = Time spent auto-exploring this place.
 F = Levels seen in this place.
 G = Mean time per level.
                   A        B        C        D        E       F      G
               +--------+--------+--------+--------+--------+-----+--------+
         Total |   5639 |   4594 |   1045 |      0 |   2811 |   8 |  704.9 |
       Dungeon |   5639 |   4594 |   1045 |      0 |   2811 |   8 |  704.9 |
               +--------+--------+--------+--------+--------+-----+--------+

Top non-repeatable levels by time:
     D:4: 1419 daAuts
     D:5: 1037 daAuts
     D:1: 995 daAuts
     D:2: 793 daAuts
     D:3: 726 daAuts
     D:6: 441 daAuts
     D:7: 221 daAuts
     D:8: 5 daAuts
